Map: Odyssey LE

Players

Yata

  • Race: Terran Terran
  • League: Platinum
  • Spawn Location: 5:00

War

  • Race: Terran Terran
  • League: Platinum
  • Spawn Location: 11:00

Myhome

  • Race: Terran Terran
  • League: Diamond

Jayxp

  • Race: Terran Terran
  • League: Master

VOD

Have the link to the VOD?

Description

Time

  • Played on: Sept. 27, 2017, 12:17 a.m.
  • Length: 8:57
Show
View Real Time Build Order
Export as new Build Order

Yata Terran 

Build Orders: Reaper Expand, MMM Bio 

Get SALT Encoding   

  12  0:01  SCV  
  13  0:13  SCV  
  14  0:18  Supply Depot  
  14  0:25  SCV  
  15  0:39  SCV  
  15  0:40  Barracks  
  16  0:46  Refinery  
  16  0:51  SCV  
  17  1:03  SCV  
  18  1:15  SCV  
  19  1:30  Orbital Command  
  19  1:34  Reaper  
  20  1:47  Command Center  
  20  1:57  SCV  
  21  2:05  Supply Depot  
  20  2:25  Barracks Reactor  
  20  2:26  Barracks  
  20  2:29  Factory  
  20  3:00  SCV  
  20  3:05  Refinery  
  21  3:08  Supply Depot, Orbital Command  
  21  3:09  Marine x2  
  23  3:13  SCV  
  23  3:15  Barracks Tech Lab  
  23  3:16  Factory Tech Lab  
  24  3:21  Starport  
  24  3:31  Marine x2  
  24  3:33  SCV  
  24  3:34  SCV  
  28  3:42  Marine  
  28  3:43  Stimpack  
  28  3:50  Marine x2  
  28  3:51  SCV x2  
  32  4:01  Viking  
  34  4:04  Marine  
  35  4:12  SCV x2  
  35  4:13  Barracks  
  37  4:18  Engineering Bay  
  37  4:20  Marine x2  
  37  4:23  Siege Tank  
  42  4:26  SCV x2  
  44  4:39  Marine x2  
  44  4:40  Marine  
  44  4:41  SCV x2  
  44  4:44  Medivac  
  51  4:55  Refinery, SCV x2  
  51  4:57  Refinery, Marine  
  54  5:09  Marine  
  48  5:35  SCV x2  
  50  5:37  Terran Infantry Weapons Level 1  
  50  5:38  Marine x3  
  50  5:39  Marine  
  54  5:44  Combat Shields  
  54  5:54  Supply Depot  
  54  5:55  Command Center  
  54  5:56  Supply Depot  
  54  6:01  Starport Reactor  
  54  6:07  Supply Depot  
  54  6:15  SCV x2, Marine x3  
  54  6:16  Marauder  
  61  6:21  Supply Depot  
  61  6:27  Armory, Engineering Bay  
  61  6:32  SCV x2  
  63  6:33  Marine x2  
  65  6:44  Marine x2  
  65  6:45  SCV x2  
  69  6:50  Marine  
  65  6:59  Marine  
  46  7:02  Marine x2  
  40  7:08  Marine  
  40  7:09  Siege Tank  
  40  7:12  SCV  
  40  7:16  Orbital Command  
  38  7:27  Marine x2  
  32  7:49  Marine  
  32  7:50  Marine  
  31  7:57  SCV  
  32  8:07  Marine  
  32  8:09  SCV  
  32  8:21  SCV x2, Marine  
  32  8:25  Marine  
  36  8:33  SCV  
  34  8:39  Marine  
  34  8:45  SCV  
Show
View Real Time Build Order
Export as new Build Order

War Terran 

Build Orders: Reaper Expand, MMM Bio 

Get SALT Encoding   

  12  0:00  SCV  
  13  0:13  SCV  
  14  0:17  Supply Depot  
  14  0:25  SCV  
  15  0:40  Barracks  
  15  0:44  SCV  
  15  0:47  Refinery  
  16  0:56  SCV  
  17  1:08  SCV  
  18  1:20  SCV  
  19  1:32  Orbital Command  
  19  1:34  Reaper  
  20  1:48  Command Center  
  20  1:59  SCV  
  21  2:07  Marine  
  22  2:10  Factory  
  22  2:17  Refinery  
  22  2:18  Supply Depot, SCV  
  23  2:29  Barracks Reactor  
  23  2:40  Supply Depot, SCV  
  23  2:42  Barracks  
  24  2:55  Starport  
  24  2:58  Widow Mine  
  25  3:08  Orbital Command  
  25  3:11  SCV  
  26  3:14  Marine  
  26  3:16  Marine  
  28  3:24  SCV  
  29  3:34  Marine  
  29  3:35  Marine x2  
  29  3:36  SCV  
  33  3:42  SCV  
  33  3:48  Factory Tech Lab  
  34  3:49  Medivac  
  34  3:52  SCV  
  34  3:53  Barracks Tech Lab  
  37  3:59  Marine x2, Engineering Bay  
  39  4:04  SCV  
  39  4:05  SCV  
  41  4:12  Siege Tank  
  41  4:14  Marine  
  41  4:16  SCV  
  47  4:17  SCV, Stimpack  
  47  4:19  Marine  
  47  4:21  Marine  
  49  4:24  Medivac  
  51  4:32  Marine  
  51  4:33  Supply Depot  
  51  4:36  Supply Depot  
  51  4:37  Marine  
  51  4:38  SCV  
  54  4:42  Terran Infantry Weapons Level 1  
  54  4:55  SCV x2, Marine x2  
  54  4:59  Refinery  
  58  5:07  Starport Reactor  
  58  5:13  Engineering Bay  
  54  5:16  Barracks  
  54  5:19  Barracks, SCV x2  
  56  5:24  Marine x2  
  56  5:26  Marine, Siege Tank  
  58  5:34  Armory  
  58  5:35  SCV  
  57  5:36  SCV  
  58  5:45  Marine x3  
  58  5:47  SCV  
  58  5:48  SCV  
  63  5:53  Refinery  
  63  5:58  Siege Tank  
  63  5:59  SCV  
  63  6:00  SCV  
  63  6:02  Marine  
  63  6:03  Marine  
  70  6:07  Supply Depot  
  70  6:11  Supply Depot  
  70  6:12  Terran Infantry Armor Level 1  
  70  6:18  Barracks Reactor  
  70  6:20  Barracks Reactor, Command Center  
  70  6:25  Combat Shields  
  70  6:28  Marine x3  
  73  6:39  Supply Depot  
  73  6:41  Missile Turret x2  
  73  6:42  Supply Depot  
  73  6:46  Marine x2  
  73  6:47  Marine  
  72  6:56  Marine x2  
  72  6:57  Marine x2  
  68  7:03  SCV x2  
  68  7:04  Marine  
  70  7:09  Liberator  
  70  7:10  Marine  
  70  7:14  Marine x2  
  67  7:21  SCV x2  
  69  7:23  Marine x3  
  69  7:24  Siege Tank  
  69  7:25  Marine  
  79  7:31  Marine x2  
  79  7:32  Marine  
  74  7:45  Marine  
  74  7:48  Marine  
  74  7:49  Marine x3  
  74  7:50  Marine  
  74  7:51  Medivac  
  82  7:52  Marine  
  82  7:56  Siege Tank  
  86  8:03  SCV x2  
  88  8:07  Marine  
  88  8:08  Marine x2  
  88  8:12  Medivac  
  93  8:14  Marine  
  93  8:15  SCV x2  
  93  8:16  Marine  
  93  8:17  Marine x2  
  99  8:21  Orbital Command  
  99  8:27  SCV  
  99  8:28  SCV  
  99  8:30  Marine x2  
  99  8:32  Marine  
  107  8:34  Marine  
  107  8:35  Marine  
  107  8:36  Marine  
  107  8:37  Marine  
  111  8:44  SCV x2  
Show
View Real Time Build Order
Export as new Build Order

Myhome Terran 

Build Orders:  

Get SALT Encoding   

Show
View Real Time Build Order
Export as new Build Order

Jayxp Terran 

Build Orders:  

Get SALT Encoding   

Tags
 
Add a new tag
Caveats
  • Supply blocks, unpowered buildings, or Contaminate may cause inaccurate times.
  • Supply counts are checked every 10 seconds.